 Dungeon Crawl Stone Soup version 0.31-a0-859-g9dce7d3444 (webtiles) character file.

Game seed: 12940980525541958027

410 BinkBink the Cudgeller (level 7, 0/56 HPs)
             Began as a Formicid Monk on Oct 10, 2023.
             Slain by a scorpion (5 damage)
             ... on level 4 of the Dungeon.
             The game lasted 00:04:44 (3475 turns).

BinkBink the Cudgeller (Formicid Monk)              Turns: 3475, Time: 00:04:44

Health: 0/56       AC:  2    Str: 18    XL:     7   Next: 13%
Magic:  7/7        EV: 14    Int:  9    God:
Gold:   177        SH:  0    Dex: 16    Spells: 6/6 levels left

rFire   . . .        a - +0 mace
rCold   . . .        d - orb {light}
rNeg    . . .        b - +0 robe
rPois   .            (helmet unavailable)
rElec   .            (no cloak)
rCorr   .            (no gloves)
SInv    +            (no boots)
Will    .....        (no amulet)
Stlth   +            (no ring)
HPRegen 0.29/turn    (no ring)
MPRegen 0.10/turn

%: no passive effects
@: confused, lethally poisoned (0 -> -13), ambrosia-drunk, glowing
A: permanent stasis, dig shafts and tunnels, antennae 3, four strong arms
a: Dig, Shaft Self


You were on level 4 of the Dungeon.
You visited 1 branch of the dungeon, and saw 4 of its levels.

You collected 177 gold pieces.

Inventory:

Hand Weapons
 a - a +0 mace (weapon)
Missiles
 k - a throwing net
Armour
 b - a +0 robe (worn)
 d - an orb of light (worn)
Jewellery
 h - a ring of fire
Scrolls
 e - 3 scrolls of teleportation {unknown}
 f - 3 scrolls of immolation {unknown}
 g - a scroll of fog {unknown}
 i - a scroll of amnesia {unknown}
 j - 2 scrolls of identify {unknown}
 l - a scroll of revelation {unknown}
 n - a scroll of fear {unknown}


   Skills:
 + Level 5.0 Fighting
 * Level 5.7 Maces & Flails
 + Level 4.1 Dodging


You had 6 spell levels left.
You didn't know any spells.
Your spell library contained the following spells:

 Spells                   Type           Power      Damage    Failure   Level
 Summon Guardian Golem    Hex/Summ       0%         N/A       77%         3
 Orb of Destruction       Conj           0%         9d5       100%        7
 Spellforged Servitor     Conj/Summ      0%         N/A       100%        7


Dungeon Overview and Level Annotations

Branches:
Dungeon (4/15)
 Temple: D:4-7

Altars:
Cheibriados
Fedhas
Nemelex Xobeh
Okawaru
Sif Muna
Trog
Yredelemnul

Shops:
D:3 (


Innate Abilities, Weirdness & Mutations

You cannot be hasted, slowed, berserked, paralysed or teleported.
You can dig through walls and to a lower floor.
You have a pair of large antennae on your head. (SInv)
Your four strong arms can wield two-handed weapons with a shield.


Message History

It was a potion of heal wounds.
You feel much better. The scorpion closely misses you.
You hit the scorpion but do no damage.
The scorpion is lightly wounded.
The scorpion misses you. The scorpion stings you!
You are poisoned.
The scorpion poisons you!
You barely miss the scorpion.
The scorpion is lightly wounded.
You feel very sick. The scorpion stings you.
* * * LOW HITPOINT WARNING * * *
You are lethally poisoned!
The scorpion poisons you!
You hit the scorpion but do no damage.
The scorpion is lightly wounded.
* * * LOW HITPOINT WARNING * * *
You feel very sick. The scorpion misses you.
The scorpion completely misses you.
You are confused.
You feel invigorated.
* * * LOW HITPOINT WARNING * * *
You feel very sick. The scorpion barely misses you.
You are too confused!
You barely miss the scorpion.
The scorpion is lightly wounded.
* * * LOW HITPOINT WARNING * * *
You feel very sick. The scorpion barely misses you.
You bump into the stone wall.
You feel sick. The scorpion stings you!
* * * LOW HITPOINT WARNING * * *
You are more poisoned.
The scorpion poisons you!
You barely miss the scorpion.
The scorpion is lightly wounded.
* * * LOW HITPOINT WARNING * * *
You feel very sick. The scorpion stings you.
You die...

#............
#..#..#..#.# ##..........
.......... #..#.#.#
#..†..s##..# #..........#
#...######.# #
#####....@### ##.
#.......s...#
...####.#########.## #
.....#..#.......#..###..#
........#.......#.......#
........#.......#..####.#
............_......#
........#.......#..#
.#...##†#.......#..#


You could see a scorpion.

Vanquished Creatures
  Sigmund (D:3)
  A jelly (D:4)
  An orc priest (D:3)
  An orc wizard (D:3)
  Terence (D:2)
  6 adders
  3 worms
  2 dart slugs
  4 orcs
  5 endoplasms
  2 giant cockroaches
  4 goblins
  6 hobgoblins
  6 jackals (D:1)
  3 quokkas
  6 ball pythons
  5 bats
  5 frilled lizards
  7 kobolds
  9 rats
78 creatures vanquished.

Notes
Turn   | Place    | Note
-------+----------+-------------------------------------------
     0 | D:1      | BinkBink the Formicid Monk began the quest for the Orb.
     0 | D:1      | Reached XP level 1. HP: 18/18 MP: 1/1
   106 | D:1      | Reached XP level 2. HP: 22/24 MP: 2/2
   347 | D:1      | Reached XP level 3. HP: 29/29 MP: 3/3
  1192 | D:2      | Identified the +0 ring mail of the Harvest {Str+4}
  1203 | D:2      | Found a sparkling altar of Nemelex Xobeh.
  1323 | D:2      | Reached XP level 4. HP: 17/37 MP: 4/4
  1568 | D:2      | Noticed Terence
  1588 | D:2      | Killed Terence
  1924 | D:3      | Reached XP level 5. HP: 42/42 MP: 5/5
  2210 | D:3      | Noticed Sigmund
  2226 | D:3      | Killed Sigmund
  2227 | D:3      | Reached skill level 5 in Maces & Flails
  2227 | D:3      | Reached XP level 6. HP: 33/49 MP: 6/6
  2328 | D:3      | Found Piniuple's Weapon Boutique.
  2328 | D:3      | Noticed a +0 demon blade
  2328 | D:3      | Noticed a +0 giant club
  3117 | D:3      | Found an iron altar of Okawaru.
  3124 | D:3      | Found a basalt altar of Yredelemnul.
  3130 | D:3      | Found a blossoming altar of Fedhas.
  3130 | D:3      | Found a shimmering blue altar of Sif Muna.
  3137 | D:3      | Found a snail-covered altar of Cheibriados.
  3244 | D:4      | Reached XP level 7. HP: 55/55 MP: 7/7
  3245 | D:4      | Found a bloodstained altar of Trog.
  3464 | D:4      | Reached skill level 5 in Fighting
  3475 | D:4      | Slain by a scorpion

Illustrated notes

Levels and vault maps discovered:
D:1:      nzn_arrival_depleted_hourglass, layout_basic, hex_tiny,
          kennysheep_small_spiral
D:2:      layout_basic, basic_altar, solitary_fountain, uniq_terence
D:3:      layout_basic, nicolae_overflow_hallway_of_the_gods, serial_shops,
          nicolae_shop_mannequins, uniq_sigmund
D:4:      layout_loops_cross, mainiacjoe_overflow_concentric_impassable,
          lemuel_tele_altar, minmay_joined_circles

Skill      XL: |  1  2  3  4  5  6  7 |
---------------+----------------------+-----
Dodging        | 3 4 |  4.1
Maces & Flails | 4 5 |  5.7
Fighting       | 4 5 |  5.0

Action                     |  1- 3 |  4- 6 |  7- 9 || total
---------------------------+-------+-------+-------++-------
  Melee: Mace              |    95 |   120 |    27 ||   242
    Use: Potion            |       |       |     4 ||     4
 Armour: Robe              |    49 |    62 |    26 ||   137
  Dodge: Dodged            |    83 |    91 |    26 ||   200

Table legend: (Time is in decaauts)
 A = Elapsed time spent in this place.
 B = Non-inter-level travel time spent in this place.
 C = Inter-level travel time spent in this place.
 D = Time resting spent in this place.
 E = Time spent auto-exploring this place.
 F = Levels seen in this place.
 G = Mean time per level.
                   A        B        C        D        E       F      G
               +--------+--------+--------+--------+--------+-----+--------+
         Total |   3522 |   3385 |    137 |    666 |   2136 |   4 |  880.5 |
       Dungeon |   3522 |   3385 |    137 |    666 |   2136 |   4 |  880.5 |
               +--------+--------+--------+--------+--------+-----+--------+

Top non-repeatable levels by time:
     D:2: 1416 daAuts
     D:3: 950 daAuts
     D:1: 889 daAuts
     D:4: 265 daAuts
